 Dungeon Crawl Stone Soup version 0.29.1-1-gd02db6906a (webtiles) character file.

Game seed: 16164605744588810574

21 mortz the Digger (level 3, 0/19 HPs)
             Began as a Kobold Earth Elementalist on Oct 8, 2022.
             Slain by a phantom (4 damage)
             ... on level 2 of the Dungeon.
             The game lasted 00:05:14 (1596 turns).

mortz the Digger (Kobold Earth Elementalist)        Turns: 1596, Time: 00:05:15

Health: 0/19       AC:  2    Str:  5    XL:     3   Next: 5%
Magic:  1/7        EV: 15    Int: 18    God:
Gold:   68         SH:  0    Dex: 15    Spells: 4/7 levels left

rFire   . . .      SeeInvis .   n - +2 falchion (holy)
rCold   . . .      Faith    .   (no shield)
rNeg    . . .      Spirit   .   a - +0 robe
rPois   .          Reflect  .   (no helmet)
rElec   .          Harm     .   (no cloak)
rCorr   .          Rampage  .   (no gloves)
Will    .....                   (no boots)
Stlth   +++.......              (no amulet)
HPRegen 0.06/turn               p - ring of wizardry
MPRegen 0.10/turn               (no ring)

@: no status effects
A: small, no large weapons, nightstalker 3
a: no special abilities


You were on level 2 of the Dungeon.
You visited 1 branch of the dungeon, and saw 2 of its levels.

You collected 68 gold pieces.

Inventory:

Hand Weapons
 c - a +1 sling of freezing
 g - a +0 club
 j - a +0 dagger
 m - a +0 dagger
 n - a +2 falchion of holy wrath (weapon)
Armour
 a - a +0 robe (worn)
 k - a +0 leather armour
Jewellery
 p - a ring of wizardry (left hand)
Wands
 d - a wand of iceblast (2)
Scrolls
 f - a scroll of magic mapping
Potions
 b - a potion of magic
 e - a potion of lignification
 l - a potion of ambrosia
 o - a potion of attraction


   Skills:
 - Level 0.6 Ranged Weapons
 + Level 2.5 Dodging
 + Level 2.6 Stealth
 + Level 2.8 Spellcasting
 + Level 1.0 Transmutations
 + Level 3.4 Earth Magic


You had 4 spell levels left.
You knew the following spells:

 Your Spells              Type           Power      Damage    Failure   Level
a - Sandblast             Erth           28%        2d8       1%          1
b - Passwall              Tmut/Erth      8%         N/A       4%          2

Your spell library contained the following spells:

 Spells                   Type           Power      Damage    Failure   Level
 Stone Arrow              Conj/Erth      16%        3d8       11%         3
 Petrify                  Tmut/Erth      10%        N/A       26%         4


Dungeon Overview and Level Annotations

Branches:
Dungeon (2/15) Zot: 10389

Altars:


Innate Abilities, Weirdness & Mutations

You are small and have problems with some larger weapons.
You are completely attuned to the shadows.


Message History

Magic restored.
HP restored.
d - a wand of iceblast (2)
Found a stone staircase leading down.
You now have 68 gold pieces (gained 8).
There is a stone staircase leading down here.
An endoplasm comes into view.
The helpless endoplasm fails to defend itself.
You slash the endoplasm!
You kill the endoplasm!
A phantom comes into view.
The blast of sand hits the phantom.
The blast of sand hits the phantom.
The blast of sand hits the phantom.
The phantom hits you. x2
The phantom blinks!
You blink.
The blast of sand hits the phantom!
The phantom is severely damaged.
The phantom barely misses you.
The blast of sand hits the phantom but does no damage.
The phantom is severely damaged.
The phantom hits you but does no damage.
The phantom hits you.
* * * LOW HITPOINT WARNING * * *
The phantom blinks!
You blink.
You are too injured to fight recklessly!
Aiming: Sandblast (safe; 1% risk of failure)
Press: ? - help, Q - select action, (/) - cycle Shift-Dir - straight line, f/p - phantom
Aim: a phantom (severely damaged, 75% to hit)
The blast of sand hits the phantom.
The phantom is severely damaged.
The phantom closely misses you.
Aiming: Sandblast (safe; 1% risk of failure)
Press: ? - help, Q - select action, (/) - cycle Shift-Dir - straight line, f/p - phantom
Aim: a phantom (severely damaged, 75% to hit)
The blast of sand hits the phantom.
The phantom is almost destroyed.
The phantom hits you.
* * * LOW HITPOINT WARNING * * *
The phantom blinks!
You blink.
The phantom hits you.
You die...

.# ...
##.###
.....#
.....# #.#
##.#... #.#
......# #§#
##.#..###§#
........@W#
#..##
#....#####
....#
#.#.##
....# # #.#
..... #.#
...#### #.#
.......
..#.#
.......
...#.#
...#####.#
#.#


You could see a phantom.

Vanquished Creatures
  A dart slug (D:2)
  2 bats (D:1)
  4 endoplasms
  6 goblins (D:1)
  A hobgoblin (D:1)
  A kobold (D:1)
  2 rats (D:1)
17 creatures vanquished.

Notes
Turn   | Place    | Note
-------+----------+-------------------------------------------
     0 | D:1      | mortz the Kobold Earth Elementalist began the quest for the
                  | Orb.
     0 | D:1      | Reached XP level 1. HP: 10/10 MP: 3/3
   414 | D:1      | Reached XP level 2. HP: 15/15 MP: 3/5
   447 | D:1      | Learned a level 2 spell: Passwall
  1468 | D:2      | Reached XP level 3. HP: 17/19 MP: 5/7
  1589 | D:2      | Noticed a phantom
  1596 | D:2      | Slain by a phantom

Illustrated notes

Levels and vault maps discovered:
D:1:      dpeg_arrival_subterranean_lakeside_camping, layout_loops_ring,
          minivault_26, grunt_decor_clamped, kennysheep_minor_cross,
          minmay_indecisive_spiral
D:2:      layout_basic, chequers_ecumenical_altar_island

Action                   || total
-------------------------++-------
Melee: Falchion          ||     4
 Fire: Sling             ||     9
 Cast: Sandblast         ||    22
  Use: Scroll            ||     6
 Stab: Sleeping          ||     3
Armor: Robe              ||     4
Dodge: Dodged            ||    10
